 Dungeon Crawl Stone Soup version 0.30-a0-1103-g25895a7845 (webtiles) character file.

Game seed: 2074373642403692458

140110 Rye the Peltast (level 17, -6/140 HPs)
             Began as a Human Reaver on Apr 18, 2023.
             Was the Champion of the Shining One.
             Mangled by a sea snake (11 damage)
             ... on level 3 of the Shoals.
             The game lasted 03:31:57 (40600 turns).

Rye the Peltast (Human Reaver)                     Turns: 40600, Time: 03:31:58

Health: -6/140     AC: 22    Str: 12    XL:     17   Next: 90%
Magic:  29/29      EV: 19    Int: 22    God:    the Shining One [******]
Gold:   1851       SH: 22    Dex: 21    Spells: 18/20 levels left

rFire   + . .      SeeInvis .    s - +9 short sword "Woilouf" {elec, rPois MP+9 Str-4 Dex+3}
rCold   + + .      Faith    .    W - +1 kite shield {rPois}
rNeg    + + +      Spirit   .    i - +4 ring mail {rC+}
rPois   +          Reflect  .    E - +2 hat
rElec   +          Rampage  +    m - +1 cloak "Wiukufao" {+Inv rC+}
rCorr   .                        a - +1 pair of gloves "Saufuymui" {rN++ Int+3}
Will    +....                    z - +2 pair of boots {rampage}
Stlth   ++                       I - amulet of the acrobat
HPRegen 0.43/turn                d - ring "Otofocs" {*Slow rElec rF+ Int+4 Slay+4}
MPRegen 0.21/turn                b - ring "Ekoad" {rN+ Str+3 Slay+3 Stlth+}

@: divinely shielded, slowed, glowing, studying Polearms, very slow
A: no striking features
a: Renounce Religion, Evoke Invisibility, Divine Shield, Cleansing Flame, Summon
Divine Warrior, Brand Weapon With Holy Wrath


You were on level 3 of the Shoals.
You worshipped the Shining One.
The Shining One was exalted by your worship.
You visited 7 branches of the dungeon, and saw 28 of its levels.
You also visited: Sewer, Bailey and Gauntlet.

You collected 4493 gold pieces.
You spent 2642 gold pieces at shops.

Inventory:

Hand Weapons
 s - the +9 short sword "Woilouf" (weapon) {elec, rPois MP+9 Str-4 Dex+3}
   (You found it on level 3 of the Dungeon)

   Str:       It affects your strength (-4).
   Dex:       It affects your dexterity (+3).
   rPois:     It protects you from poison.
   MP:        It affects your magic capacity (+9).
Missiles
 X - a throwing net
Armour
 a - the +1 pair of gloves "Saufuymui" (worn) {rN++ Int+3}
   (You acquired it on level 4 of the Dungeon)

   Int:       It affects your intelligence (+3).
   rN:        It greatly protects you from negative energy.
 i - a +4 ring mail of cold resistance (worn)
 m - the +1 cloak "Wiukufao" (worn) {+Inv rC+}
   (You bought it in a shop on level 1 of the Elven Halls)

   rC:        It protects you from cold.
   +Inv:      It lets you turn invisible.
 z - a +2 pair of boots of rampaging (worn)
 E - a +2 hat (worn)
 W - a +1 kite shield of poison resistance (worn)
Jewellery
 b - the ring "Ekoad" (right hand) {rN+ Str+3 Slay+3 Stlth+}
   (You found it on level 2 of the Shoals)

   [ring of positive energy]

   Str:       It affects your strength (+3).
   Slay:      It affects your accuracy & damage with ranged weapons and melee
   (+3).
   rN:        It protects you from negative energy.
   Stlth:     It makes you more stealthy.
 d - the ring "Otofocs" (left hand) {*Slow rElec rF+ Int+4 Slay+4}
   (You acquired it in a bailey)

   [ring of slaying]

   Int:       It affects your intelligence (+4).
   Slay:      It affects your accuracy & damage with ranged weapons and melee
   (+4).
   rF:        It protects you from fire.
   rElec:     It insulates you from electricity.
   *Slow:     It may slow you when you take damage.
 h - a ring of see invisible
 l - a ring of willpower
 r - a ring of flight
 y - a +5 ring of evasion
 C - a ring of poison resistance
 G - the ring of Dizibuana {Wiz rN+ Int+3}
   (You found it in a Gauntlet)

   [ring of wizardry]

   It improves your spell success rate.
   Int:       It affects your intelligence (+3).
   rN:        It protects you from negative energy.
 I - an amulet of the acrobat (around neck)
Wands
 j - a wand of roots (12)
 o - a wand of digging (10)
 J - a wand of flame (23)
 M - a wand of mindburst (5) (quivered)
 T - a wand of charming (6)
 V - a wand of acid (13)
Scrolls
 c - 3 scrolls of enchant weapon
 f - 4 scrolls of poison
 g - a scroll of immolation
 t - a scroll of silence
 B - 3 scrolls of teleportation
 D - 5 scrolls of amnesia
 L - a scroll of brand weapon
 N - 2 scrolls of magic mapping
 O - 2 scrolls of fog
 U - 13 scrolls of identify
 Z - 3 scrolls of vulnerability
Potions
 e - 5 potions of curing
 k - 5 potions of might
 n - 6 potions of mutation
 p - 5 potions of lignification
 q - a potion of berserk rage
 u - 3 potions of haste
 v - 3 potions of invisibility
 w - 4 potions of magic
 x - 7 potions of brilliance
 F - 4 potions of cancellation
 P - 4 potions of flight
 Q - a potion of heal wounds
 S - 3 potions of resistance
Miscellaneous
 A - a lightning rod (4/4)
 K - a tin of tremorstones (2/2)
 R - a phantom mirror


   Skills:
 + Level 14.6 Fighting
 - Level 12.1 Short Blades
 + Level 12.8 Armour
 + Level 14.2 Dodging
 - Level 4.8 Stealth
 * Level 15.4 Shields
 + Level 0.7 Unarmed Combat
 + Level 2.2 Spellcasting
 + Level 3.2 Conjurations
 + Level 0.6 Invocations
 + Level 2.9 Evocations


You had 18 spell levels left.
You knew the following spells:

 Your Spells              Type           Power      Damage    Failure   Level
b - Momentum Strike       Conj/Tloc      18%        3d8       32%         2

Your spell library contained the following spells:

 Spells                   Type           Power      Damage    Failure   Level
 Kiss of Death            Conj/Necr      36%        2d8       22%         1
 Shock                    Conj/Air       36%        1d5       22%         1
 Apportation              Tloc           4%         N/A       38%         1
 Summon Small Mammal      Summ           8%         N/A       38%         1
 Cigotuvi's Dreadful Rot  Necr/Pois/Air  4%         N/A       54%         2
 Lesser Beckoning         Tloc           4%         N/A       54%         2
 Sublimation of Blood     Necr           2%         N/A       54%         2
 Wereblood                Tmut           2%         N/A       54%         2
 Hailstorm                Conj/Ice       9%         3d4       54%         3
 Gell's Gravitas          Tloc           2%         N/A       77%         3
 Inner Flame              Hex/Fire       2%         N/A       77%         3
 Ozocubu's Armour         Ice            2%         N/A       77%         3
 Summon Guardian Golem    Hex/Summ       2%         N/A       77%         3
 Swiftness                Air            2%         N/A       77%         3
 Teleport Other           Tloc           2%         N/A       77%         3
 Flame Wave               Conj/Fire      9%         2d6       91%         4
 Iskenderun's Mystic Bla  Conj/Tloc      9%         2d4       91%         4
 Sticky Flame             Conj/Fire      9%         2d3       91%         4
 Iskenderun's Battlesphe  Conj           16%        2d7       97%         5
 Airstrike                Air            1%         2d(1-17)  99%         4
 Dispel Undead            Necr           2%         3d7       99%         4
 Manifold Assault         Tloc           2%         N/A       99%         4
 Passage of Golubria      Tloc           2%         N/A       99%         4
 Alistair's Intoxication  Tmut/Pois      1%         N/A       100%        5
 Metabolic Englaciation   Hex/Ice        1%         N/A       100%        5
 Silence                  Hex/Air        1%         N/A       100%        5
 Conjure Ball Lightning   Conj/Air       4%         3x3d6     100%        6
 Death Channel            Necr           1%         N/A       100%        6
 Dispersal                Tloc           1%         N/A       100%        6
 Simulacrum               Ice/Necr       1%         N/A       100%        6
 Orb of Destruction       Conj           8%         9d6       100%        7
 Ozocubu's Refrigeration  Ice            1%         4d7       100%        7
 Spellforged Servitor     Conj/Summ      4%         N/A       100%        7
 Summon Hydra             Summ           1%         N/A       100%        7
 Disjunction              Tloc           1%         N/A       100%        8
 Lehudib's Crystal Spear  Conj/Erth      4%         10d3      100%        8


Dungeon Overview and Level Annotations

Branches:
Dungeon (15/15)            Temple (1/1) D:4            Lair (5/5) D:10
 Shoals (3/4) Lair:2        Snake (0/4) Lair:2        Slime (0/5) Lair:5
    Orc (2/2) D:11            Elf (1/3) Orc:2        Vaults (0/5) D:13
 Depths (1/4) D:15          Sewer (visited)          Bailey (visited)
Gauntlet (visited)

Altars:
Ashenzari
Cheibriados
Dithmenos
Elyvilon
Fedhas
Gozag
Hepliaklqana
Kikubaaqudgha
Makhleb
Nemelex Xobeh
Okawaru
Qazlal
Ru
Sif Muna
Trog
Uskayaw
Vehumet
Wu Jian
Xom
Yredelemnul
Zin
The Shining One

Shops:
D:1 ?   D:3 ??   D:4 *   D:13 ([:   Orc:2 !((!!?!=   Elf:1 !([?   Shoals:3 *

Portals:
Abyss: Lair:1 Depths:1
Trove: D:11 (show slimy rune of Zot)

Annotations:
D:14 Roxanne
Shoals:2 Mlioglotl
Shoals:3 Ilsuiw


Message History

The silver javelin pierces through you but does no damage.
* * * LOW HITPOINT WARNING * * *
You puncture the water elemental!
The water elemental is moderately damaged.
You block the sea snake's attack. You block the water elemental's attack.
You block the water elemental's attack. You block the sea snake's attack.
You see here 34 gold pieces.
Ilsuiw completely misses you. You block the water elemental's attack.
Ilsuiw barely misses you. The water elemental closely misses you.
You block the sea snake's attack.
The merfolk javelineer throws a silver javelin.
The silver javelin closely misses you.
Ilsuiw gestures wildly while chanting.
Ilsuiw flickers and vanishes for a moment.
The merfolk javelineer throws a silver javelin.
The silver javelin closely misses you.
Things that are here:
a +0 spear; a +1 sling of draining; a faun skeleton The water elemental attacks as you move away!
You block the water elemental's attack.
The merfolk javelineer throws a silver javelin.
The silver javelin completely misses you.
You block the sea snake's attack. You block the water elemental's attack.
Things that are here:
a +2 spear of distortion; 2 javelins; a +2 leather armour of cold resistance The merfolk javelineer throws a silver javelin.
The silver javelin misses you. You block the sea snake's attack.
The merfolk javelineer throws a silver javelin.
The silver javelin misses you. The sea snake attacks as you move away!
You block the sea snake's attack.
The merfolk javelineer throws a silver javelin.
The silver javelin completely misses you.
You block the sea snake's attack.
There is a stone staircase leading up, spattered with blood here.
Magic restored.
The merfolk javelineer throws a silver javelin.
The silver javelin pierces through you but does no damage.
* * * LOW HITPOINT WARNING * * *
You block Ilsuiw's attack. The sea snake bites you!
You die...

~~.
###.......~~~~~~~~~~~.....~
~~
####....~~~~~~...~~~~~.~~
~~ ####.~..~...#..~~~~~~~ ~
##....)(##.~~~~~(~~ ~
#.####))..~~~~~~~~ ###
#(.$....~~.#
######E........##
###..#E)##........#
#....@Sm........)...
#......E.......~~P~~
#..~...m......~~~~~~
##≈≈≈......~!.~~~.P~
#≈≈≈≈....~~~~~~~~~~
#≈≈≈......~~~~~~~~~
##~...#...~~~~~~~~~
#...#####.~~~~~~~~~~ ....
.~~~ ~~~~~.


You could see Ilsuiw (invisible), a merfolk javelineer, a sea snake and 3 water
elementals.

Vanquished Creatures
  Jorgrun (D:14)
  Kirke (D:14)
  An emperor scorpion (D:14)
  A deep elf sorcerer (Elf:1)
  A stone giant (D:15)
  Azrael (Orc:2)
  A dire elephant (D:15)
  A minotaur (Gauntlet)
  2 merfolk javelineers
  Josephine (D:14)
  Fannar (D:12)
  A great orb of eyes (D:15)
  A rakshasa (D:15)
  3 hydras
  A vault guard (D:13)
  6 centaur warriors
  5 boulder beetles
  A merfolk avatar (Shoals:1)
  5 two-headed ogres (D:11)
  4 orc high priests
  A satyr (Shoals:2)
  The ghost of gabibbone the Arsonist, a journeyman DEFE of Vehumet (Lair:1)
  7 dancing weapons (Elf:1)
  A deep troll earth mage (D:15)
  A hell hog (Gauntlet)
  5 tengu warriors
  A spriggan berserker (Depths:1)
  A soul eater (Lair:1)
  Sonja (Lair:5)
  6 deep elf knights (Elf:1)
  2 iron trolls
  8 skysharks
  2 deep trolls (D:15)
  A flayed ghost (D:15)
  5 sea snakes
  A harpy (shapeshifter) (Lair:1)
  8 deep elf archers (Elf:1)
  4 orc knights (Orc:2)
  6 wizards
  13 deep elf pyromancers
  7 harpies (Shoals:1)
  10 deep elf zephyrmancers (Elf:1)
  A necromancer (D:13)
  11 ugly things
  4 orc sorcerers
  6 fauns
  3 cyclopes
  6 manticores
  2 salamanders
  17 elephants
  7 merfolk sirens
  3 black mambas
  A water nymph (Shoals:1)
  2 gargoyles
  5 cane toads
  2 rime drakes (Lair:5)
  8 komodo dragons
  A kobold demonologist (D:11)
  Maggie (D:7)
  A yaktaur (D:13)
  2 efreet (D:14)
  A tengu conjurer (D:14)
  An ancient zyme (Lair:1)
  6 trolls
  A troll (shapeshifter) (D:15)
  2 wolf spider simulacra
  A wind drake (Shoals:2)
  15 merfolk
  5 polar bears (Lair:5)
  A tarantella (shapeshifter) (D:13)
  6 meliai
  5 snapping turtles
  A raiju (shapeshifter) (Lair:1)
  7 hornets
  9 blink frogs
  A dream sheep (Lair:5)
  A jumping spider (shapeshifter) (Lair:1)
  8 slime creatures
  2 air elementals (Elf:1)
  15 spriggans
  43 yaks
  3 water elementals
  5 shadows
  2 hogs (D:14)
  4 basilisks
  4 fire bats (Gauntlet)
  6 wraiths
  3 wyverns
  4 fire elementals
  A ynoxinul (Lair:1)
  Eustachio (D:6)
  A steam dragon (D:6)
  18 humans (D:13)
  Menkaure (D:7)
  A harpy simulacrum (Gauntlet)
  2 wargs
  5 hell hounds
  11 water moccasins
  2 ice beasts
  4 black bears
  19 orc warriors
  An ice dragon simulacrum (Gauntlet)
  A sky beast (D:8)
  25 wolves
  13 ogres
  4 boggarts (Lair:5)
  2 centaurs
  4 earth elementals (Elf:1)
  3 kobold brigands
  7 bullfrogs
  4 scorpions
  11 wights
  10 killer bees
  2 howler monkeys (D:8)
  8 electric eels
  3 lava snakes (Lair:2)
  9 hounds
  6 jellies
  A gnoll bouda (D:8)
  12 orc priests
  6 iguanas
  18 orc wizards
  8 gnolls
  4 adders
  3 river rats (Sewer)
  A shadow imp (D:6)
  3 white imps
  An ufetubus (D:6)
  A worm (D:4)
  A dart slug (D:5)
  42 orcs
  11 ball pythons
  7 endoplasms
  A giant cockroach (D:4)
  13 goblins
  8 hobgoblins
  2 jackals (D:4)
  19 kobolds
  5 quokkas
  3 bats
  2 frilled lizards
  A kobold skeleton (D:10)
  33 rats
761 creatures vanquished.

Vanquished Creatures (others)
  A harpy (Shoals:1)
  A deep elf zephyrmancer (Elf:1)
  A merfolk (Shoals:3)
  4 humans (D:14)
  An orc priest (Orc:2)
  An orc wizard (Orc:2)
  2 orcs
  2 kobolds (D:10)
  15 fungi
  64 plants
  A withered plant (Gauntlet)
93 creatures vanquished.

Grand Total: 854 creatures vanquished

Notes
Turn   | Place    | Note
-------+----------+-------------------------------------------
     0 | D:1      | Rye the Human Reaver began the quest for the Orb.
     0 | D:1      | Reached XP level 1. HP: 16/16 MP: 3/3
    15 | D:1      | Noticed a minotaur skeleton
    79 | D:1      | Reached XP level 2. HP: 18/22 MP: 5/5
   380 | D:1      | Found Dymmiuz's Magic Scroll Boutique.
   693 | D:2      | Reached XP level 3. HP: 27/27 MP: 6/6
  1403 | D:2      | Reached XP level 4. HP: 33/33 MP: 7/7
  1502 | D:3      | Found a broken altar of Ashenzari.
  1541 | D:3      | Found a faded altar of an unknown god.
  1602 | D:3      | Found The Oracle's Delphic Readings.
  1670 | D:3      | Found Somp's Magic Scroll Shop.
  1872 | D:3      | Identified the +9 short sword "Woilouf" {elec, rPois MP+9
                  | Str-4 Dex+3}
  2161 | D:4      | Found a blossoming altar of Fedhas.
  2182 | D:4      | Found Jisheqyg's Assorted Antiques.
  2241 | D:4      | Reached skill level 1 in Armour
  2286 | D:4      | Reached XP level 5. HP: 33/38 MP: 8/8
  2301 | D:4      | Noticed an ogre
  2304 | D:4      | Found a staircase to the Ecumenical Temple.
  2308 | D:4      | Killed an ogre
  2367 | D:4      | Reached XP level 6. HP: 38/46 MP: 9/9
  2410 | D:4      | Found a glowing drain.
  2426 | Sewer    | Entered a sewer
  2843 | Sewer    | Reached XP level 7. HP: 44/51 MP: 10/10
  3045 | D:4      | Reached skill level 5 in Short Blades
  3515 | Temple   | Entered the Ecumenical Temple
  3664 | Temple   | Became a worshipper of the Shining One
  3721 | D:4      | Identified a scroll of acquirement
  3721 | D:4      | Acquired the +1 pair of gloves "Saufuymui" {rN++ Int+3}
  3835 | D:5      | Entered Level 5 of the Dungeon
  3860 | D:5      | Learned a level 2 spell: Momentum Strike
  4400 | D:5      | Reached XP level 8. HP: 27/58 MP: 11/11
  4402 | D:5      | Reached skill level 1 in Stealth
  4646 | D:5      | Reached skill level 5 in Armour
  5702 | D:6      | Noticed a yak
  5709 | D:6      | Killed a yak
  5710 | D:6      | Reached XP level 9. HP: 64/65 MP: 12/12
  5825 | D:6      | Found a snail-covered altar of Cheibriados.
  5940 | D:6      | Reached skill level 5 in Dodging
  6035 | D:6      | Reached * piety under the Shining One
  6091 | D:6      | Noticed Eustachio
  6132 | D:6      | Killed Eustachio
  6192 | D:6      | Found a shadowy altar of Dithmenos.
  6456 | D:6      | Reached skill level 5 in Fighting
  6942 | D:3      | Bought a scroll of identify for 28 gold pieces
  6942 | D:3      | Bought a scroll of identify for 28 gold pieces
  7195 | D:1      | Bought a scroll of magic mapping for 75 gold pieces
  7195 | D:1      | Bought a scroll of teleportation for 30 gold pieces
  7195 | D:1      | Bought a scroll of identify for 20 gold pieces
  7841 | D:7      | Identified the +6 plate armour of Indomitability {rN+ Str-3
                  | Dex+4 Stlth+}
  7843 | D:7      | Found an ancient bone altar of Kikubaaqudgha.
  7861 | D:7      | Noticed Maggie
  7884 | D:7      | Killed Maggie
  7885 | D:7      | Reached XP level 10. HP: 24/74 MP: 13/13
  8012 | D:7      | Noticed Menkaure
  8014 | D:7      | Found a flagged portal.
  8018 | D:7      | Killed Menkaure
  8145 | Bailey   | Entered a bailey
  8405 | Bailey   | Noticed an orc sorcerer
  8423 | Bailey   | HP: 1/74 [red devil/+0 trident[an orc sorcerer] (16)]
  8447 | Bailey   | Noticed a rust devil
  8666 | Bailey   | Paralysed by an orc sorcerer for 4 turns
  8674 | Bailey   | Noticed a smoke demon
  9661 | Bailey   | Acquired a +2 pair of boots of rampaging
  9684 | Bailey   | Acquired 757 gold pieces
  9685 | Bailey   | Acquired the ring "Otofocs" {*Slow rElec rF+ Int+4 Slay+4}
  9733 | Bailey   | Noticed an orc high priest
  9736 | Bailey   | Found an iron altar of Okawaru.
  9766 | Bailey   | Killed an orc sorcerer
  9920 | Bailey   | Killed an orc high priest
 10282 | D:7      | Reached ** piety under the Shining One
 10285 | D:7      | Reached XP level 11. HP: 81/81 MP: 14/14
 11120 | D:8      | Reached skill level 10 in Short Blades
 11174 | D:8      | Identified the ring of Musakoc {Wiz +Blink}
 11368 | D:8      | Identified the +1 scale mail of the Leaf {rF+ rC+ Str+2}
 12094 | D:10     | Entered Level 10 of the Dungeon
 12358 | D:10     | Found a staircase to the Lair.
 12618 | D:10     | Found a runed translucent door.
 12620 | D:10     | Found a basalt altar of Yredelemnul.
 12621 | D:10     | Reached *** piety under the Shining One
 12724 | D:10     | Found a transporter.
 12745 | D:10     | Found a transporter.
 12775 | D:10     | Found a transporter.
 12776 | D:10     | Found a transporter.
 13025 | D:10     | Found a sparkling altar of Nemelex Xobeh.
 13444 | Lair:1   | Entered Level 1 of the Lair of Beasts
 13447 | Lair:1   | Found the +8 demon blade "Leech" {evervamp, Harm Drain rN+}
 13611 | Lair:1   | Found a transporter.
 13623 | Lair:1   | Noticed a harpy
 13885 | Lair:1   | Reached XP level 12. HP: 82/91 MP: 15/15
 14056 | Lair:1   | You fall into a shaft and drop 1 floor!
 14159 | Lair:2   | Found a staircase to the Shoals.
 14593 | Lair:1   | Reached skill level 10 in Armour
 14634 | Lair:1   | Noticed a soul eater
 14644 | Lair:1   | Noticed gabibbone's ghost (journeyman DEFE)
 14655 | Lair:1   | Found a one-way gate to the infinite horrors of the Abyss.
 14660 | Lair:1   | Found a transporter.
 14668 | Lair:1   | Noticed a glowing orange brain
 14669 | Lair:1   | a glowing orange brain changed into a redback
 14917 | Lair:2   | Found a staircase to the Snake Pit.
 15068 | Lair:2   | Noticed a skyshark
 15083 | Lair:2   | Killed a skyshark
 15240 | Lair:2   | Noticed a boulder beetle
 15258 | Lair:2   | Killed a boulder beetle
 15789 | Lair:3   | Reached skill level 1 in Evocations
 15798 | Lair:3   | Noticed an eight-headed hydra
 15980 | Lair:2   | Killed an eight-headed hydra
 16767 | Lair:3   | Reached XP level 13. HP: 35/101 MP: 16/16
 17282 | Lair:4   | Reached skill level 10 in Fighting
 17741 | Lair:4   | Reached skill level 10 in Dodging
 17901 | Lair:4   | Reached **** piety under the Shining One
 18170 | Lair:5   | Entered Level 5 of the Lair of Beasts
 18505 | Lair:5   | Found a staircase to the Slime Pits.
 18548 | Lair:5   | Noticed Sonja
 18577 | Lair:5   | Killed Sonja
 19006 | Lair:5   | Reached XP level 14. HP: 105/113 MP: 17/17
 19879 | Lair:5   | Reached skill level 1 in Shields
 20279 | Shoals:1 | Entered Level 1 of the Shoals
 20666 | Shoals:1 | Reached skill level 2 in Shields
 20925 | Shoals:1 | Reached skill level 3 in Shields
 21473 | Shoals:1 | Reached skill level 4 in Shields
 22169 | Shoals:1 | Reached skill level 5 in Shields
 23332 | Shoals:2 | Reached XP level 15. HP: 63/122 MP: 18/18
 23700 | Lair:1   | Killed gabibbone's ghost
 23701 | Lair:1   | Reached skill level 6 in Shields
 24370 | D:11     | Reached skill level 7 in Shields
 24508 | D:11     | Found a portal to a secret trove of treasure.
 24553 | D:11     | Found a staircase to the Orcish Mines.
 24764 | Orc:1    | Entered Level 1 of the Orcish Mines
 24904 | Orc:1    | Reached ***** piety under the Shining One
 25018 | Orc:2    | Entered Level 2 of the Orcish Mines
 25052 | Orc:2    | Found Zesa's Antique Weapon Shoppe.
 25157 | Orc:2    | Noticed Azrael
 25190 | Orc:2    | Killed Azrael
 25194 | Orc:2    | Reached skill level 8 in Shields
 25368 | Orc:2    | Found Goferr's Distillery.
 25376 | Orc:2    | Bought a potion of heal wounds for 80 gold pieces
 25376 | Orc:2    | Bought 2 potions of heal wounds for 160 gold pieces
 25376 | Orc:2    | Bought a potion of heal wounds for 80 gold pieces
 25376 | Orc:2    | Bought a potion of heal wounds for 80 gold pieces
 25425 | Orc:2    | Found a staircase to the Elven Halls.
 25464 | Orc:2    | Found Olugutta's Jewellery Shop.
 25572 | Orc:2    | Found Fusime's Weapon Shoppe.
 26342 | Orc:2    | Reached skill level 9 in Shields
 26355 | Orc:2    | Found Zawefuq's Distillery.
 26355 | Orc:2    | Found Plog's Distillery.
 26458 | Orc:2    | Found Empaehi's Magic Scroll Shop.
 26458 | Orc:2    | Found Jyvoson's Distillery.
 26465 | Orc:2    | Bought a potion of heal wounds for 60 gold pieces
 26465 | Orc:2    | Bought a potion of curing for 36 gold pieces
 26526 | Elf:1    | Entered Level 1 of the Elven Halls
 26647 | Elf:1    | Found Janu's Magic Scroll Boutique.
 26817 | Elf:1    | Paralysed by an air elemental for 1 turns
 26823 | Elf:1    | Paralysed by an air elemental for 1 turns
 27144 | Elf:1    | Found Yngoghiguu's Antique Armour Shoppe.
 27146 | Elf:1    | Found Linu's Antique Weapon Emporium.
 27148 | Elf:1    | Found Aboc's Distillery.
 27174 | Elf:1    | Bought a polished cloak for 323 gold pieces
 27174 | Elf:1    | Identified the +1 cloak "Wiukufao" {+Inv rC+} (You bought
                  | it in a shop on level 1 of the Elven Halls)
 27183 | Elf:1    | Identified the staff of death "Reso" {rN+ Dex+5}
 27306 | Elf:1    | Reached skill level 10 in Shields
 27398 | Elf:1    | HP: 3/124 [deep elf knight/shard of ice (21)]
 27413 | Elf:1    | HP: 4/124 [deep elf archer/+0 short sword (12)]
 27418 | Elf:1    | Reached XP level 16. HP: 21/131 MP: 19/19
 27424 | Elf:1    | HP: 3/131 [deep elf archer/arrow (22)]
 28482 | Elf:1    | Reached skill level 11 in Shields
 28506 | Elf:1    | Got the Folio of Cooperative Outbursts
 28611 | Elf:1    | Noticed a deep elf sorcerer
 28631 | Elf:1    | Killed a deep elf sorcerer
 29195 | Orc:2    | Bought a potion of heal wounds for 55 gold pieces
 29195 | Orc:2    | Bought 2 potions of heal wounds for 110 gold pieces
 29604 | D:12     | Identified the +6 quarterstaff "Temogieph" {heavy, Fragile
                  | rC+++ rCorr Stlth+}
 29897 | D:12     | Noticed Fannar
 29915 | D:12     | Killed Fannar
 30538 | D:12     | Reached skill level 12 in Shields
 30955 | D:13     | Found a gate leading to a gauntlet.
 30975 | Gauntlet | Entered a Gauntlet
 30975 | Gauntlet | Reached ****** piety under the Shining One
 30975 | Gauntlet | Found a transporter.
 30975 | Gauntlet | Found a transporter.
 30981 | Gauntlet | Found a transporter.
 30996 | Gauntlet | Found a transporter.
 31012 | Gauntlet | Found the +2 hood of the Assassin {Detect Stab+ Stlth++}
 31014 | Gauntlet | Found a transporter.
 31014 | Gauntlet | Found a transporter.
 31014 | Gauntlet | Found a transporter.
 31017 | Gauntlet | Found a transporter.
 31017 | Gauntlet | Found a transporter.
 31025 | Gauntlet | Found a runed translucent door.
 31025 | Gauntlet | Found a runed translucent door.
 31029 | Gauntlet | Found a transporter.
 31047 | Gauntlet | Found a transporter.
 31057 | Gauntlet | Found a transporter.
 31072 | Gauntlet | Found a transporter.
 31094 | Gauntlet | Found a transporter.
 31605 | Gauntlet | Identified the +0 pair of gloves of Adughiq {SInv}
 31670 | Gauntlet | Identified the ring of Dizibuana {Wiz rN+ Int+3}
 32046 | D:13     | Found Tuuluawa's Book Shop.
 32070 | D:13     | Found Osobbevo's Weapon Shoppe.
 32079 | D:13     | Found Hifeguoh's Antique Armour Shop.
 32160 | D:13     | Bought a runed helmet for 255 gold pieces
 32643 | D:13     | Found a gate to the Vaults.
 32786 | D:13     | Reached skill level 13 in Shields
 33403 | D:14     | Identified the +0 chain mail "Cahocry" {Will+}
 33463 | D:14     | Reached XP level 17. HP: 127/139 MP: 20/20
 33805 | D:14     | Noticed Roxanne
 33956 | D:14     | Noticed Kirke
 34100 | D:14     | Killed Kirke
 34580 | D:14     | Noticed Jorgrun
 35101 | D:14     | Noticed Josephine
 35109 | D:14     | Killed Josephine
 35359 | D:14     | Killed Jorgrun
 35458 | D:15     | Entered Level 15 of the Dungeon
 35618 | D:15     | Reached skill level 14 in Shields
 36312 | D:14     | HP: 3/140 [Roxanne/crystal spear (52)]
 37020 | D:15     | Found a staircase to the Depths.
 37319 | Depths:1 | Entered Level 1 of the Depths
 37748 | Depths:1 | HP: 4/140 [stone giant (24)]
 38203 | D:1      | Bought a scroll of teleportation for 30 gold pieces
 38203 | D:1      | Bought a scroll of summoning for 95 gold pieces
 38203 | D:1      | Bought a scroll of enchant weapon for 75 gold pieces
 38455 | D:3      | Bought a scroll of acquirement for 728 gold pieces
 38455 | D:3      | Bought a scroll of teleportation for 42 gold pieces
 38455 | D:3      | Bought a scroll of teleportation for 42 gold pieces
 38455 | D:3      | Bought a scroll of teleportation for 42 gold pieces
 38458 | D:3      | Acquired 967 gold pieces
 38578 | D:4      | Bought a potion of might for 84 gold pieces
 38578 | D:4      | Bought a potion of might for 84 gold pieces
 39250 | Shoals:2 | Reached skill level 15 in Shields
 39657 | Shoals:2 | Noticed Mlioglotl
 40073 | Shoals:2 | Identified the ring "Ekoad" {rN+ Str+3 Slay+3 Stlth+}
 40123 | Shoals:2 | You fall into a shaft and drop 1 floor!
 40201 | Shoals:3 | Noticed Ilsuiw
 40586 | Shoals:3 | HP: 5/140 [merfolk javelineer/silver javelin (19)]
 40586 | Shoals:3 | The Shining One protects you from harm!
 40589 | Shoals:3 | Found Juyt's Visitors' Centre.
 40590 | Shoals:3 | HP: 2/140 [merfolk javelineer/silver javelin (1)]
 40590 | Shoals:3 | The Shining One protects you from harm!
 40600 | Shoals:3 | HP: 5/140 [merfolk javelineer/silver javelin[Ilsuiw] (1)]
 40600 | Shoals:3 | Mangled by a sea snake

Illustrated notes

Levels and vault maps discovered:
D:1:      shiori_arrival_whats_in_store_for_you, layout_basic, serial_shops,
          nicolae_shop_just_a_little_nook
D:2:      layout_basic
D:3:      layout_loops_ring, ashenzari_conservatory_becter,
          basic_ecumenical_altar, serial_shops, shop, corexii_leaking_fountain,
          nicolae_nh_oracle_at_delphi
D:4:      layout_basic, fedhas_altar_2, minmay_temple_entry_trees, serial_shops,
          nicolae_shop_rolling_square, cheibrodos_sewer_entry_drain, st_stairs_3
D:5:      layout_basic
D:6:      layout_loops_cross, grunt_dithmenos_smoke_and_mirrors,
          cheibriados_altar_1, kennysheep_generic_room_14, uniq_eustachio
D:7:      layout_rooms, mainiacjoe_overflow_brackets, enter_bailey_3,
          serial_rivers, chequers_serial_rivers_small_b,
          chequers_serial_rivers_micro_b, chequers_serial_rivers_marsh,
          chequers_serial_rivers_room_a, uniq_maggie, uniq_menkaure
D:8:      layout_loops_corners
D:9:      layout_irregular_city
D:10:     cheibrodos_iron_armory, layout_stronghold, dk_yredelemnul_ordeal,
          lemuel_doored_altar, erik_lair_island, nicolae_diode_quadrants
D:11:     hellmonk_ruined_rings, layout_rooms, nicolae_trove_entry_crossroad
D:12:     layout_basic, serial_aquarium, aquarium_bridge_square
          [aquarium_subvault_bridge, aquarium_subvault_bridge,
          aquarium_subvault_wall, aquarium_subvault_wall], aquarium_window_2,
          aquarium_window_fake, aquarium_view_2d, minmay_starry_boxes,
          uniq_fannar
D:13:     layout_basic, grunt_vaults_entry_tiered, serial_shops, shop, shop,
          nicolae_shop_peninsula, gauntlet_entry_generic
D:14:     layout_irregular_city, minmay_misc_feat_iff, st_stairs_11,
          fountainhead, grunt_decor_junction, uniq_jorgrun, uniq_kirke,
          uniq_roxanne, uniq_josephine
D:15:     hangedman_depths_entry_try_elsewhere_first, layout_rooms,
          serial_bayou_shore_b, minmay_misc_feat_pillars, grunt_ministairs_1
Temple:   regret_index_temple_waves
Lair:1:   layout_long_grid, gammafunk_ghost_abyssal_escape,
          dreamdust_deal_with_the_devil, infiniplex_staircase_pool,
          lemuel_fruit_tree
Lair:2:   layout_regular_city, elwin_shoals_entry_stream,
          nicolae_snake_entry_warm_welcome, portal_ice_cave_entry_pillars_1,
          patterned_corridor
Lair:3:   layout_misc_corridors
Lair:4:   layout_regular_city
Lair:5:   minmay_lair_end_enchanted_forest, layout_small_grid,
          dpeg_slime_entry_enclosed, infiniplex_staircase_pool_2,
          grunt_megastairs_1, uniq_sonja
Shoals:1: layout_shoals, nicolae_shoals_lost_giant_baths
Shoals:2: layout_shoals, uniq_mlioglotl, uniq_polyphemus
Shoals:3: nicolae_shoals_mermall, layout_shoals, uniq_aizul, uniq_ilsuiw
Orc:1:    layout_caves
Orc:2:    grunt_orc_tribal_feast, layout_caves, serial_shops,
          nicolae_shop_statue_plus, shop, nicolae_shop_behind_doors,
          nicolae_shop_advertising_works [nicolae_subvault_shop_adworks],
          abandoned_shop, uniq_azrael
Elf:1:    nicolae_elf_arrival_fired_up, layout_rooms, serial_shops, shop,
          evilmike_minifort, minmay_elf_sorcery, minmay_shop_star
Depths:1: layout_big_octagon, enter_ziggurat_d, abyss_entry, hell_entry,
          hangedman_glass_teeth, hangedman_corner_corridor

Skill      XL: |  1  2  3  4  5  6  7  8  9 10 11 12 13 14 15 16 17 |
---------------+----------------------------------------------------+-----
Armour         | 1 2 3 4 6 7 8 9 10 11 12 | 12.8
Short Blades   | 4 5 6 8 9 11 12 | 12.1
Dodging        | 3 4 5 6 7 9 10 12 13 14 | 14.2
Fighting       | 3 4 5 6 7 9 11 12 13 14 | 14.6
Stealth        | 1 3 4 |  4.8
Evocations     | 1 2 |  2.9
Shields        | 5 10 13 15 | 15.4
Unarmed Combat | |  0.7
Spellcasting   | |  2.2
Conjurations   | |  3.2
Invocations    | |  0.6

Action                     |  1- 3 |  4- 6 |  7- 9 | 10-12 | 13-15 | 16-18 || total
---------------------------+-------+-------+-------+-------+-------+-------++-------
  Melee: Short sword       |   114 |   124 |   254 |   553 |  1265 |  1244 ||  3554
         Punch             |     1 |       |     1 |    10 |    13 |       ||    25
         Unarmed           |       |       |       |       |       |     2 ||     2
 Invoke: Divine Shield     |       |       |       |       |       |     2 ||     2
  Evoke: Wand              |       |       |       |     6 |     7 |    18 ||    31
    Use: Scroll            |       |       |    21 |    12 |     7 |    18 ||    58
         Potion            |       |       |     4 |     4 |    11 |    15 ||    34
 Armour: Leather armour    |    11 |       |       |       |       |       ||    11
         Ring mail         |    12 |    43 |    69 |   140 |   338 |   304 ||   906
  Dodge: Dodged            |    54 |    88 |   143 |   327 |   689 |   560 ||  1861
  Block: Kite shield       |       |       |       |       |   365 |   723 ||  1088
         Buckler           |       |       |       |       |     1 |       ||     1

Table legend: (Time is in decaauts)
 A = Elapsed time spent in this place.
 B = Non-inter-level travel time spent in this place.
 C = Inter-level travel time spent in this place.
 D = Time resting spent in this place.
 E = Time spent auto-exploring this place.
 F = Levels seen in this place.
 G = Mean time per level.
                   A        B        C        D        E       F      G
               +--------+--------+--------+--------+--------+-----+--------+
         Total |  39591 |  37461 |   2130 |  11872 |   8917 |  31 | 1277.1 |
       Dungeon |  19692 |  17690 |   2002 |   4366 |   6125 |  15 | 1312.8 |
        Temple |    162 |    162 |      0 |      0 |     60 |   1 |  162.0 |
          Lair |   7590 |   7590 |      0 |   2466 |   1750 |   5 | 1518.0 |
        Shoals |   4297 |   4297 |      0 |   2090 |    303 |   3 | 1432.3 |
  Orcish Mines |   2100 |   2010 |     90 |    718 |    271 |   2 | 1050.0 |
   Elven Halls |   2232 |   2194 |     38 |    802 |    291 |   1 | 2232.0 |
        Depths |    189 |    189 |      0 |     92 |      0 |   1 |  189.0 |
         Sewer |    512 |    512 |      0 |      0 |     23 |   1 |  512.0 |
        Bailey |   1766 |   1766 |      0 |    949 |     33 |   1 | 1766.0 |
      Gauntlet |   1045 |   1045 |      0 |    387 |     60 |   1 | 1045.0 |
               +--------+--------+--------+--------+--------+-----+--------+

Top non-repeatable levels by time:
Shoals:1: 3181 daAuts
    D:14: 2547 daAuts
   Elf:1: 2232 daAuts
     D:5: 1989 daAuts
  Lair:2: 1989 daAuts
   Orc:2: 1934 daAuts
  Lair:5: 1874 daAuts
  Bailey: 1766 daAuts
  Lair:1: 1650 daAuts
    D:13: 1641 daAuts
    D:10: 1561 daAuts
    D:15: 1439 daAuts
     D:6: 1403 daAuts
    D:12: 1372 daAuts
     D:4: 1304 daAuts
